 Dungeon Crawl Stone Soup version 0.30-a0-305-g026cb31310 (webtiles) character file.

Game seed: 11818248220851593864

1803 ragingrage the Carver (level 8, -10/54 (60) HPs)
             Began as a Demigod Gladiator on Oct 21, 2022.
             Mangled by a spriggan
             ... wielding a +2 mace of draining
              (18 damage)
             ... in a bailey.
             The game lasted 00:09:02 (7298 turns).

ragingrage the Carver (Demigod Gladiator)           Turns: 7298, Time: 00:09:03

HP:   -10/54 (60)   AC:  5    Str: 15    XL:     8   Next: 53%
MP:   10/10         EV: 13    Int: 10    God:
Gold: 409           SH:  0    Dex: 23    Spells: 7/7 levels left

rFire   + . .      SeeInvis .    a - +0 scimitar (elec)
rCold   . . .      Faith    .    (no shield)
rNeg    . . .      Spirit   .    Q - +1 leather armour {Will+}
rPois   .          Reflect  .    c - +0 helmet
rElec   .          Harm     .    (no cloak)
rCorr   .          Rampage  .    (no gloves)
Will    ++...                    (no boots)
Stlth   ++........               (no amulet)
HPRegen 0.29/turn                f - ring of willpower
MPRegen 0.12/turn                F - ring of protection from fire

@: heavily drained
A: high MP 1, forlorn, divine attributes
a: no special abilities


You were in a bailey.
You visited 1 branch of the dungeon, and saw 8 of its levels.
You also visited: Sewer and Bailey.

You collected 409 gold pieces.

Inventory:

Hand Weapons
 a - a +0 scimitar of electrocution (weapon)
Missiles
 d - 2 throwing nets
 e - a javelin
 j - 5 poisoned darts (quivered)
 r - 6 datura-tipped darts
 v - a boomerang
 E - 3 boomerangs of dispersal
Armour
 c - a +0 helmet (worn)
 J - a +0 chain mail of cold resistance
 Q - a +1 leather armour of willpower (worn)
Jewellery
 f - a ring of willpower (left hand)
 k - a ring of positive energy
 F - a ring of protection from fire (right hand)
Wands
 x - a wand of mindburst (9)
 B - a wand of digging (8)
 P - a wand of flame (12)
Scrolls
 g - 2 scrolls of amnesia
 h - a scroll of fear {unknown}
 l - a scroll of identify
 n - 2 scrolls of brand weapon
 p - 3 scrolls of teleportation
 q - a scroll of immolation {unknown}
 y - a scroll of magic mapping {unknown}
 C - 2 scrolls of enchant armour {unknown}
 H - 2 scrolls of noise {unknown}
 K - a scroll of fog {unknown}
 M - a scroll of summoning {unknown}
 O - a scroll of blinking {unknown}
Potions
 i - 3 potions of might
 m - 4 potions of curing
 o - a potion of lignification {unknown}
 s - 2 potions of magic {unknown}
 t - 2 potions of mutation {unknown}
 u - a potion of cancellation {unknown}
 w - 4 potions of degeneration {unknown}
 z - a potion of resistance {unknown}
 A - a potion of attraction {unknown}
 D - 2 potions of flight {unknown}
 G - a potion of invisibility {unknown}
 I - 2 potions of brilliance {unknown}
 L - a potion of haste {unknown}
 N - a potion of heal wounds {unknown}


   Skills:
 - Level 1.7 Fighting
 + Level 10.9 Long Blades
 - Level 1.7 Throwing
 - Level 2.6 Dodging


You had 7 spell levels left.
You didn't know any spells.
Your spell library contained the following spells:

 Spells                   Type           Power      Damage    Failure   Level
 Summon Small Mammal      Summ           0%         N/A       43%         1
 Cigotuvi's Dreadful Rot  Necr/Pois/Air  0%         N/A       56%         2
 Ensorcelled Hibernation  Hex/Ice        0%         N/A       56%         2
 Passwall                 Tmut/Erth      0%         N/A       56%         2
 Poisonous Vapours        Pois/Air       0%         N/A       56%         2
 Call Canine Familiar     Summ           0%         N/A       80%         3
 Mephitic Cloud           Conj/Pois/Air  0%         N/A       80%         3
 Summon Guardian Golem    Hex/Summ       0%         N/A       80%         3
 Swiftness                Air            0%         N/A       80%         3
 Vhi's Electric Charge    Tloc/Air       0%         N/A       80%         3
 Arcjolt                  Conj/Air       0%         1d10      100%        5
 Iskenderun's Battlesphe  Conj           0%         2d6       100%        5
 Iron Shot                Conj/Erth      0%         9d1       100%        6
 Spellforged Servitor     Conj/Summ      0%         N/A       100%        7
 Maxwell's Capacitive Co  Air            0%         ∞         100%        8


Dungeon Overview and Level Annotations

Branches:
Dungeon (8/15)              Sewer (visited)          Bailey (1/1)
 Temple: D:4-7         Lair: D:8-11

Annotations:
D:6 exclusion: hornet


Innate Abilities, Weirdness & Mutations

You have an increased reservoir of magic. (+10% MP)
You shall have no god before yourself.
Your divine heritage dramatically boosts your attributes as you level up.


Message History

a +0 halberd; a +0 glaive You start resting.
HP restored.
You enter the shallow water.
Moving in this stuff is going to be slow.
j - 4 poisoned darts (gained 1)
j - 6 poisoned darts (gained 2)
A spriggan comes into view. It is wielding a +0 spear.
You throw a poisoned dart. The poisoned dart hits the spriggan.
The spriggan is poisoned.
The spriggan shouts!
You hear a shout!
You hear an angry hiss.
The spriggan hits you with a +0 spear!
A spriggan comes into view. It is wielding a +2 mace of draining.
You hit the spriggan.
The spriggan is heavily wounded.
The spriggan barely misses you.
You slash the spriggan!
The spriggan is severely wounded.
The spriggan looks more healthy.
The spriggan hits you with a +0 spear!
You miss the spriggan.
The spriggan is almost dead.
The spriggan barely misses you.
The spriggan hits you with a +2 mace of draining.
You feel drained.
You barely miss the spriggan.
The spriggan is almost dead.
The spriggan hits you with a +0 spear!
The spriggan hits you with a +2 mace of draining!
You feel drained.
* * * LOW HITPOINT WARNING * * *
You barely miss the spriggan. The spriggan hits you with a +0 spear.
* * * LOW HITPOINT WARNING * * *
The spriggan hits you with a +2 mace of draining!
* * * LOW HITPOINT WARNING * * *
You feel drained.
* * * LOW HITPOINT WARNING * * *
You closely miss the spriggan.
You feel better. The spriggan misses you.
The spriggan hits you with a +2 mace of draining!!
You die...

#.......##
#.........##
#..###♣♣##..##
#..# #♣..##
..# ##..## .#
##..# #..#
#..# #@.# #ii#
#..# #..#
#..## #..##
...# ...#
(...#


You could see 2 spriggans.

Vanquished Creatures
  A water moccasin (D:6)
  An ice beast (D:6)
  Pargi (Sewer)
  A black bear (D:8)
  5 ogres
  A bullfrog (D:7)
  A scorpion (D:3)
  4 wights (D:6)
  2 hounds (D:6)
  5 orc priests
  A gnoll bouda (D:3)
  4 iguanas
  2 orc wizards
  5 gnolls (D:4)
  8 adders
  3 shadow imps
  A white imp (D:6)
  2 ufetubi (D:4)
  A worm (D:3)
  2 dart slugs
  21 orcs
  3 endoplasms
  A giant cockroach (D:2)
  9 goblins
  12 hobgoblins
  6 jackals
  3 kobolds
  6 quokkas
  7 ball pythons
  3 bats
  9 frilled lizards
  2 rats
133 creatures vanquished.

Vanquished Creatures (collateral kills)
  A gnoll (D:4)
1 creature vanquished.

Grand Total: 134 creatures vanquished

Notes
Turn   | Place    | Note
-------+----------+-------------------------------------------
     0 | D:1      | ragingrage the Demigod Gladiator began the quest for the
                  | Orb.
     0 | D:1      | Reached XP level 1. HP: 17/17 MP: 3/3
   105 | D:1      | Reached skill level 3 in Long Blades
   579 | D:1      | Reached XP level 2. HP: 23/24 MP: 4/4
  1390 | D:2      | Reached XP level 3. HP: 20/29 MP: 5/5
  1462 | D:2      | Reached skill level 4 in Long Blades
  2304 | D:3      | Noticed a scorpion
  2315 | D:3      | Killed a scorpion
  2316 | D:3      | Reached skill level 5 in Long Blades
  2316 | D:3      | Reached XP level 4. HP: 33/36 MP: 6/6
  2763 | D:4      | Reached XP level 5. HP: 41/41 MP: 7/7
  3215 | D:4      | Reached skill level 6 in Long Blades
  3939 | D:4      | Reached XP level 6. HP: 44/48 MP: 8/8
  4146 | D:5      | Entered Level 5 of the Dungeon
  4588 | D:5      | Reached skill level 7 in Long Blades
  4980 | D:6      | Found a glowing drain.
  4998 | Sewer    | Entered a sewer
  5045 | Sewer    | Noticed Pargi
  5052 | Sewer    | Killed Pargi
  5256 | D:6      | Noticed a water moccasin
  5264 | D:6      | Killed a water moccasin
  5265 | D:6      | Reached XP level 7. HP: 37/53 MP: 9/9
  5341 | D:6      | Reached skill level 8 in Long Blades
  5463 | D:6      | Identified the +2 plate armour "Sunuol" {Will+ Int+5
                  | Stlth-}
  5463 | D:6      | Noticed a hornet
  6039 | D:6      | Reached skill level 9 in Long Blades
  6483 | D:7      | You fall into a shaft and drop 1 floor!
  6515 | D:8      | Reached XP level 8. HP: 46/60 MP: 10/10
  6766 | D:8      | Found a flagged portal.
  6782 | D:7      | Reached skill level 10 in Long Blades
  7083 | Bailey   | Entered a bailey
  7296 | Bailey   | HP: 2/54 [spriggan/+2 mace of draining (3)]
  7298 | Bailey   | Mangled by a spriggan

Illustrated notes

Levels and vault maps discovered:
D:1:      lemuel_arrival_lava_pool, layout_basic
D:2:      layout_basic, hangedman_decor_push
D:3:      layout_basic
D:4:      minmay_spotlight, layout_rooms, minmay_vboxes
D:5:      layout_basic
D:6:      layout_basic, portal_sewer_entry_d
D:7:      layout_basic, nicolae_overflow_hidden_temple,
          minmay_temple_entry_mini_moons
D:8:      layout_cave_pools, nicolae_ossuary_entry_ruins, enter_bailey_5
Bailey:   bailey_polearm_enchanted_keep_hellmonk, bailey

Skill      XL: |  1  2  3  4  5  6  7  8 |
---------------+-------------------------+-----
Long Blades    | 3 5 6 7 9 10 | 10.9
Fighting       | |  1.7
Throwing       | |  1.7
Dodging        | |  2.6

Action                   |  1- 3 |  4- 6 |  7- 9 || total
-------------------------+-------+-------+-------++-------
Melee: Long sword        |   125 |   220 |    37 ||   382
       Punch             |     1 |     2 |     1 ||     4
       Scimitar          |       |       |    85 ||    85
Throw: Throwing net      |     1 |     1 |       ||     2
       Boomerang         |       |     4 |       ||     4
       Dart              |       |     9 |     4 ||    13
Evoke: Wand              |       |     8 |     6 ||    14
  Use: Scroll            |     1 |     1 |     2 ||     4
       Potion            |       |       |     5 ||     5
 Stab: Sleeping          |     4 |     1 |       ||     5
Armor: Leather armour    |    41 |    51 |    25 ||   117
Dodge: Dodged            |    84 |   166 |    98 ||   348

Table legend: (Time is in decaauts)
 A = Elapsed time spent in this place.
 B = Non-inter-level travel time spent in this place.
 C = Inter-level travel time spent in this place.
 D = Time resting spent in this place.
 E = Time spent auto-exploring this place.
 F = Levels seen in this place.
 G = Mean time per level.
                   A        B        C        D        E       F      G
               +--------+--------+--------+--------+--------+-----+--------+
         Total |   7377 |   7085 |    292 |   1784 |   3719 |  10 |  737.7 |
       Dungeon |   6934 |   6642 |    292 |   1607 |   3579 |   8 |  866.8 |
         Sewer |    228 |    228 |      0 |     24 |    118 |   1 |  228.0 |
        Bailey |    214 |    214 |      0 |    153 |     21 |   1 |  214.0 |
               +--------+--------+--------+--------+--------+-----+--------+

Top non-repeatable levels by time:
     D:4: 1410 daAuts
     D:6: 1234 daAuts
     D:3: 990 daAuts
     D:2: 923 daAuts
     D:5: 907 daAuts
     D:1: 863 daAuts
     D:7: 396 daAuts
   Sewer: 228 daAuts
  Bailey: 214 daAuts
     D:8: 206 daAuts
